 Dungeon Crawl Stone Soup version 0.30.1 (webtiles) character file.

Game seed: 11740416690507879203

2 ahrsahrtis the Firebug (level 1, -3/10 HPs)
             Began as a Kobold Fire Elementalist on July 4, 2023.
             Slain by a hobgoblin (5 damage)
             ... on level 1 of the Dungeon.
             The game lasted 00:01:34 (230 turns).

ahrsahrtis the Firebug (Kobold Fire Elementalist)    Turns: 230, Time: 00:01:34

Health: -3/10      AC:  2    Str:  5    XL:     1   Next: 44%
Magic:  1/3        EV: 15    Int: 16    God:
Gold:   9          SH:  0    Dex: 15    Spells: 3/4 levels left

rFire   . . .        (weapon restricted)
rCold   . . .        (no shield)
rNeg    . . .        a - +0 robe
rPois   .            (no helmet)
rElec   .            (no cloak)
rCorr   .            (no gloves)
SInv    .            (no boots)
Will    .....        (no amulet)
Stlth   +++          (no ring)
HPRegen 0.21/turn    (no ring)
MPRegen 0.08/turn

%: no passive effects
@: no status effects
A: small, no large weapons, nightstalker 3
a: no special abilities


You were on level 1 of the Dungeon.
You visited 1 branch of the dungeon, and saw 1 of its levels.

You collected 9 gold pieces.

Inventory:

Armour
 a - a +0 robe (worn)
Potions
 b - a potion of magic


   Skills:
 + Level 2.6 Dodging
 + Level 2.6 Stealth
 + Level 2.1 Spellcasting
 + Level 1.0 Conjurations
 + Level 3.1 Fire Magic


You had 3 spell levels left.
You knew the following spells:

 Your Spells              Type           Power      Damage    Failure   Level
a - Foxfire               Conj/Fire      32%        2x1d5     9%          1

Your spell library contained the following spells:

 Spells                   Type           Power      Damage    Failure   Level
 Scorch                   Fire           22%        2d6       9%          2
 Inner Flame              Hex/Fire       6%         N/A       32%         3
 Volatile Blastmotes      Fire/Tloc      12%        2d11      32%         3
 Flame Wave               Conj/Fire      8%         2d5       65%         4
 Summon Forest            Summ/Tloc      0%         N/A       99%         5
 Summon Mana Viper        Hex/Summ       1%         N/A       99%         5
 Summon Cactus Giant      Summ           0%         N/A       100%        6


Dungeon Overview and Level Annotations

Branches:
Dungeon (1/15)

Altars:


Innate Abilities, Weirdness & Mutations

You are small and have problems with some larger weapons.
You are completely attuned to the shadows.


Message History

* * * LOW HITPOINT WARNING * * *
Your foxfire dissipates!
The hobgoblin attacks as you move away! The hobgoblin hits you.
* * * LOW HITPOINT WARNING * * *
The hobgoblin attacks as you move away! The hobgoblin hits you.
* * * LOW HITPOINT WARNING * * *
Found a stone staircase leading down.
The hobgoblin misses you. The hobgoblin attacks as you move away!
The hobgoblin hits you but does no damage.
You don't have enough magic to cast this spell.
You don't have enough magic to cast this spell.
A jackal comes into view.
The hobgoblin attacks as you move away! The hobgoblin closely misses you.
There is a stone staircase leading down here.
The hobgoblin misses you.
Casting: Foxfire (safe; 9% risk of failure)
Press: ? - help, Q - select action Dir - look around, f - activate
There is not enough space to conjure foxfire!
The jackal barks!
You hit the jackal but do no damage. The jackal closely misses you.
The hobgoblin barely misses you.
You hit the jackal but do no damage. The jackal closely misses you.
The hobgoblin closely misses you. The jackal barely misses you.
A kobold comes into view. It is wielding a +0 dagger.
The kobold shouts!
You hit the jackal but do no damage. The jackal bites you.
* * * LOW HITPOINT WARNING * * *
The hobgoblin barely misses you.
You barely miss the jackal. The jackal closely misses you.
The hobgoblin closely misses you.
You closely miss the jackal. The jackal completely misses you.
The jackal misses you. The hobgoblin completely misses you.
You barely miss the jackal.
The jackal bites you but does no damage.
The hobgoblin barely misses you.
You barely miss the jackal. The jackal misses you.
The jackal bites you but does no damage.
The hobgoblin hits you.
Ouch! That really hurt!
You die...

########
#.>....#
#.####.# #.#
#.# #.# #.#
#.####.#
+Kh@gh>#
#.####.# #.#
#.# #........
#.# #.#
#......... #.#
#.#
#..........#.#
#..........#.#
#.....# #.#
#.)...# #.#


You could see 2 jackals, a hobgoblin and a kobold.

Vanquished Creatures
  A bat (D:1)
  A kobold (D:1)
2 creatures vanquished.

Vanquished Creatures (others)
  8 foxfires (D:1)
8 creatures vanquished.

Grand Total: 10 creatures vanquished

Notes
Turn   | Place    | Note
-------+----------+-------------------------------------------
     0 | D:1      | ahrsahrtis the Kobold Fire Elementalist began the quest for
                  | the Orb.
     0 | D:1      | Reached XP level 1. HP: 10/10 MP: 3/3
   230 | D:1      | Slain by a hobgoblin

Illustrated notes

Levels and vault maps discovered:
D:1:      roderic_crop_circles_arrival_small, layout_basic

Action                     || total
---------------------------++-------
  Melee: Unarmed           ||    60
         Punch             ||     1
   Cast: Foxfire           ||     7
   Stab: Sleeping          ||     1
 Armour: Robe              ||     5
  Dodge: Dodged            ||    33
